 Dungeon Crawl Stone Soup version 0.25.0-26-g0c896c7088 (webtiles) character file.

Game seed: 1452554650557213028

56745 Exodus22XD the Fencer (level 15, -11/189 HPs)
             Began as a Human Berserker on July 4, 2020.
             Was a High Priest of Trog.
             Mangled by a tyrant leech (23 damage)
             ... while paralysed by a hornet
             ... on level 6 of the Lair of Beasts.
             The game lasted 00:39:21 (18558 turns).

Exodus22XD the Fencer (Human Berserker)            Turns: 18558, Time: 00:39:22

Health: -11/189    AC: 14    Str: 24    XL:     15   Next: 23%
Magic:  0/20       EV:  2    Int:  7    God:    Trog [*****.]
Gold:   692        SH:  0    Dex: 13    Spells: 14/14 levels left

rFire    . . .     SeeInvis .   A - +3 scimitar
rCold    . . .     Gourm    .   (no shield)
rNeg     . . .     Faith    .   y - +4 moon troll leather armour {Spirit, Regen++ MP+5}
rPois    .         Spirit   +   F - +0 helmet
rElec    .         Reflect  .   H - +2 cloak
rCorr    +         Harm     .   (no gloves)
MR       ++...                  (no boots)
Stlth    ..........             E - amulet of the acrobat
HPRegen  1.21/turn              J - ring of resist corrosion
MPRegen  0.17/turn              h - ring of protection from magic

@: paralysed, berserking, lethally poisoned (-11 -> -32), slowed
A: no striking features
a: Berserk, Trog's Hand, Brothers in Arms, Renounce Religion


You were on level 6 of the Lair of Beasts.
You worshipped Trog.
Trog was extremely pleased with you.
You were very hungry.

You visited 2 branches of the dungeon, and saw 14 of its levels.

You collected 692 gold pieces.

Inventory:

Hand Weapons
 v - a +0 long sword
 A - a +3 scimitar (weapon)
Armour
 y - the +4 moon troll leather armour (worn) {Spirit, Regen++ MP+5}
   (You found it on level 7 of the Dungeon)

   It affects your magic capacity (+5).
   It increases your rate of regeneration.
 F - a +0 helmet (worn)
 H - a +2 cloak (worn)
Jewellery
 h - a ring of protection from magic (right hand)
 k - an uncursed ring of flight
 u - an uncursed ring of positive energy
 z - an uncursed ring of stealth
 D - an uncursed ring of protection from cold
 E - an amulet of the acrobat (around neck)
 J - a ring of resist corrosion (left hand)
Wands
 a - a wand of iceblast (8)
 e - a wand of flame (35)
 o - a wand of random effects (21)
 p - a wand of acid (9)
 C - a wand of paralysis (6)
 M - a wand of clouds (5)
Scrolls
 d - 3 scrolls of fog {unknown}
 r - 8 scrolls of enchant weapon
 w - 5 scrolls of remove curse
 x - 3 scrolls of teleportation
 B - a scroll of magic mapping {unknown}
 I - a scroll of random uselessness {unknown}
 L - a scroll of enchant armour {unknown}
Potions
 b - a potion of heal wounds
 f - a potion of ambrosia
 g - a potion of invisibility {unknown}
 i - a potion of magic {unknown}
 j - 3 potions of haste
 l - a potion of lignification {unknown}
 n - a potion of mutation {unknown}
 q - 2 potions of resistance
 s - 5 potions of curing {unknown}
 t - 4 potions of flight {unknown}
 G - a potion of cancellation {unknown}
Comestibles
 c - 31 rations


   Skills:
 + Level 14.2 Fighting
 + Level 16.1 Long Blades
 + Level 8.4 Armour
 + Level 10.9 Dodging
 + Level 1.2 Evocations


You had 14 spell levels left.
You didn't know any spells.
Your spell library was empty.

Dungeon Overview and Level Annotations

Branches:
Dungeon (8/15)             Temple (0/1) D:7            Lair (6/6) D:8
 Shoals (0/4) Lair:4        Snake (0/4) Lair:3        Slime (0/5) Lair:5

Altars:
Zin

Annotations:
D:6 exclusion: oklob plant
Lair:6 1 runed translucent door


Message History

You are more poisoned.
You feel as though you will be slow longer.
The hornet stings you.
* * * LOW HITPOINT WARNING * * *
You are more poisoned.
You feel as though you will be slow longer.
The hornet stings you!
* * * LOW HITPOINT WARNING * * *
You feel as though you will be slow longer.
You feel very sick. The hornet stings you.
* * * LOW HITPOINT WARNING * * *
You are lethally poisoned!
You feel as though you will be slow longer.
The hornet stings you but does no damage.
The tyrant leech bites you!
* * * LOW HITPOINT WARNING * * *
The tyrant leech draws strength from your injuries!
The tyrant leech bites you!!
You die...

##.##..## #P..#.## #.
###....# #.w.#.# ...
##..### #...### ...#
#..## ####.P..#...#
###..# ##.#.......#
#...## #.#...†.y# .⌠.##
###..k.y### ..###
###....w### #...##
##.....#y@#
##...###.....##.wywP#
##........#####........
###.P.#### #####....
##### ###


You could see 2 tyrant leeches, a torpor snail, a lindwurm and 2 hornets.

Vanquished Creatures
  Snorg (Lair:4)
  2 hydras (Lair:6)
  Harold (D:8)
  8 death yaks
  Pikel (D:8)
  29 elephants
  14 black mambas
  3 torpor snails
  14 spiny frogs
  6 komodo dragons
  A rime drake (Lair:4)
  7 hornets (Lair:6)
  6 dream sheep (Lair:4)
  A tyrant leech (Lair:6)
  34 blink frogs
  6 hippogriffs
  10 wyverns
  40 yaks
  2 basilisks
  4 hogs (D:7)
  A human (D:7)
  2 wargs (D:8)
  4 nagas (Lair:3)
  23 water moccasins
  An ice beast (D:7)
  10 porcupines
  2 phantoms
  2 black bears
  2 orc warriors
  2 ogres
  A centaur (D:8)
  11 crocodiles
  A big kobold (D:8)
  A gnoll sergeant (D:6)
  12 bullfrogs
  3 scorpions
  5 wights (D:8)
  6 electric eels
  A centaur zombie (D:8)
  6 crimson imps
  A bullfrog zombie (D:7)
  2 hounds
  6 jellies (D:6)
  4 orc priests
  2 centaur skeletons
  3 bullfrog skeletons
  An iguana (D:8)
  7 worker ants
  4 orc wizards
  A hound skeleton (D:7)
  A howler monkey zombie (D:5)
  A worker ant zombie (D:6)
  5 gnolls (D:6)
  9 adders
  A shadow imp (D:6)
  14 oozes
  An adder skeleton (D:6)
  4 worms
  4 dart slugs
  6 leopard geckos
  19 orcs
  13 bats
  5 giant cockroaches
  4 goblins
  7 hobgoblins
  8 jackals
  4 quokkas
  3 ball pythons
  5 frilled lizards
  2 jackal zombies
  8 kobolds
  A leopard gecko skeleton (D:6)
  A leopard gecko zombie (D:4)
  13 rats
  A plant (Lair:6)
457 creatures vanquished.

Vanquished Creatures (collateral kills)
  3 hydras
  A blink frog (Lair:5)
  An electric eel (Lair:5)
5 creatures vanquished.

Vanquished Creatures (others)
  Maurice (D:8)
  4 slaves (D:8)
  A giant cockroach (D:8)
  A bush (Lair:6)
  41 fungi
  56 plants
104 creatures vanquished.

Grand Total: 566 creatures vanquished

Notes
Turn   | Place    | Note
-------+----------+-------------------------------------------
     0 | D:1      | Exodus22XD the Human Berserker began the quest for the Orb.
     0 | D:1      | Reached XP level 1. HP: 18/18 MP: 1/1
   331 | D:1      | Reached XP level 2. HP: 22/24 MP: 2/2
  1361 | D:2      | Reached XP level 3. HP: 23/29 MP: 3/3
  1585 | D:2      | Reached ** piety under Trog
  1868 | D:2      | Reached XP level 4. HP: 34/36 MP: 4/4
  2607 | D:3      | Reached skill level 4 in Long Blades
  2985 | D:3      | Reached XP level 5. HP: 37/42 MP: 5/5
  3484 | D:4      | Reached *** piety under Trog
  3570 | D:4      | Reached XP level 6. HP: 42/48 MP: 4/6
  4120 | D:4      | Reached skill level 5 in Long Blades
  5112 | D:4      | Reached XP level 7. HP: 30/54 MP: 5/7
  5353 | D:4      | Found a glowing silver altar of Zin.
  5497 | D:5      | Entered Level 5 of the Dungeon
  6429 | D:6      | Reached skill level 6 in Long Blades
  6435 | D:6      | Reached XP level 8. HP: 61/61 MP: 6/8
  6781 | D:6      | Reached skill level 5 in Fighting
  6783 | D:6      | Reached skill level 5 in Armour
  6793 | D:6      | Reached skill level 7 in Long Blades
  7280 | D:6      | Reached XP level 9. HP: 48/68 MP: 4/9
  7904 | D:6      | Noticed an oklob plant
  7983 | D:6      | Reached skill level 8 in Long Blades
  8012 | D:6      | HP: 1/69 [acid (6)]
  8907 | D:7      | Paralysed by fainting for 10 turns
  9190 | D:7      | Found a staircase to the Ecumenical Temple.
  9207 | D:7      | Found the +4 moon troll leather armour {Spirit, Regen++
                  | MP+5}
  9326 | D:7      | Reached **** piety under Trog
  9592 | D:7      | Reached skill level 9 in Long Blades
  9594 | D:7      | Reached XP level 10. HP: 77/77 MP: 10/10
  9771 | D:8      | Reached skill level 5 in Dodging
  9804 | D:8      | Noticed Pikel
  9813 | D:8      | Killed Pikel
  9813 | D:8      | Reached skill level 10 in Long Blades
  9815 | D:8      | Noticed Maurice
  9843 | D:8      | Killed Maurice
 10215 | D:8      | Found a staircase to the Lair.
 10292 | D:8      | Noticed Harold
 10305 | D:8      | Killed Harold
 10305 | D:8      | Reached skill level 11 in Long Blades
 10803 | Lair:1   | Entered Level 1 of the Lair of Beasts
 10813 | Lair:1   | Reached XP level 11. HP: 40/86 MP: 6/11
 11181 | Lair:1   | Reached skill level 12 in Long Blades
 11598 | Lair:1   | Noticed a six-headed hydra
 11613 | Lair:1   | Killed a seven-headed hydra
 12174 | Lair:2   | Reached XP level 12. HP: 84/96 MP: 12/12
 12177 | Lair:2   | Noticed a death yak
 12223 | Lair:2   | Noticed an eight-headed hydra
 12239 | Lair:1   | Killed an eight-headed hydra
 12239 | Lair:1   | Reached skill level 13 in Long Blades
 12423 | Lair:2   | Reached skill level 10 in Fighting
 12688 | Lair:2   | Killed a death yak
 13240 | Lair:3   | Reached skill level 14 in Long Blades
 13261 | Lair:3   | Reached XP level 13. HP: 13/104 MP: 1/13
 13889 | Lair:3   | Found a staircase to the Snake Pit.
 14387 | Lair:4   | Noticed Snorg
 14741 | Lair:4   | Killed Snorg
 15109 | Lair:4   | Reached skill level 15 in Long Blades
 15202 | Lair:4   | Found a staircase to the Shoals.
 15417 | Lair:4   | Reached XP level 14. HP: 116/116 MP: 14/14
 15869 | Lair:5   | Found a staircase to the Slime Pits.
 16802 | Lair:6   | Entered Level 6 of the Lair of Beasts
 17116 | Lair:6   | HP: 4/118 [elephant (2)]
 17240 | Lair:6   | Reached skill level 10 in Dodging
 17281 | Lair:6   | Reached ***** piety under Trog
 17982 | Lair:6   | Received a gift from Trog
 17982 | Lair:6   | Reached XP level 15. HP: 67/125 MP: 6/15
 17991 | Lair:6   | Reached skill level 1 in Evocations
 18172 | Lair:6   | Reached skill level 16 in Long Blades
 18472 | Lair:6   | Found a runed translucent door.
 18529 | Lair:6   | Paralysed by a hornet for 1 turns
 18537 | Lair:6   | Paralysed by a hornet for 1 turns
 18547 | Lair:6   | Paralysed by a hornet for 2 turns
 18556 | Lair:6   | Paralysed by a hornet for 3 turns
 18558 | Lair:6   | Mangled by a tyrant leech

Illustrated notes

Levels and vault maps discovered:
D:1:      moated_graveyard_arrival, layout_basic, minmay_tree_intersection
D:2:      layout_loops_ring, st_stairs_13
D:3:      layout_rooms, first_ration, st_stairs_11, minivault_14,
          kennysheep_generic_room_9
D:4:      layout_gridville, zin_academy
D:5:      layout_loops_ring
D:6:      lemuel_slime, layout_basic, kennysheep_generic_room_14
D:7:      layout_rooms, minmay_temple_entry_sparse_star, grunt_livestock
D:8:      layout_loops_ring, erik_lair_orcish_takeover, uniq_pikel,
          uniq_maurice, uniq_harold
Lair:1:   layout_regular_city, st_stairs_4
Lair:2:   layout_cave_shapes, grunt_megastairs_2, infiniplex_staircase_pool
Lair:3:   layout_cave_pods, minmay_snake_entry_guardpost_small,
          grunt_megastairs_1
Lair:4:   layout_cave_pods, shoals_dummy_entry, chequers_serial_rivers_micro_a,
          grunt_megastairs_3, lemuel_fruit_tree, lemuel_fruit_fields,
          lemuel_fruit_fields, infiniplex_staircase_pool_2, uniq_snorg
Lair:5:   layout_gridlike, slime_dummy, serial_bayou, serial_bayou_shore_b,
          serial_bayou_ford_a, serial_bayou_shore_b, serial_bayou_crossing
Lair:6:   hangedman_lair_tendril_chambers, layout_loops_ring, wormcave,
          lemuel_fruit_fields, uniq_josephine

Skill      XL: |  1  2  3  4  5  6  7  8  9 10 11 12 13 14 15 |
---------------+----------------------------------------------+-----
Long Blades    | 4 5 6 7 9 11 12 14 15 16 | 16.1
Fighting       | 4 5 6 8 9 10 12 13 14 | 14.2
Armour         | 3 4 5 6 7 8 |  8.4
Dodging        | 3 4 5 6 8 9 10 | 10.9
Evocations     | 1 |  1.2

Action                   |  1- 3 |  4- 6 |  7- 9 | 10-12 | 13-15 || total
-------------------------+-------+-------+-------+-------+-------++-------
Melee: Falchion          |   121 |   254 |   395 |       |       ||   770
       Long sword        |       |       |    57 |    56 |       ||   113
       Scimitar          |       |       |       |   490 |   884 ||  1374
Invok: Berserk           |       |     4 |     6 |    11 |    14 ||    35
       Trog's Hand       |       |     2 |     5 |     5 |       ||    12
       Brothers in Arms  |       |       |       |     3 |     5 ||     8
Evoke: Wand              |       |       |       |       |     9 ||     9
  Use: Scroll            |       |     4 |       |     5 |     5 ||    14
       Potion            |       |       |       |     2 |     2 ||     4
 Stab: Sleeping          |     2 |       |       |       |       ||     2
       Distracted        |       |       |     1 |       |       ||     1
  Eat: Chunk             |     3 |    15 |    10 |    26 |    33 ||    87
       Ration            |       |       |     3 |       |       ||     3
Armor: Animal skin       |    23 |       |       |       |       ||    23
       Ring mail         |    33 |    76 |       |       |       ||   109
       Scale mail        |       |       |   163 |       |       ||   163
       Troll leather arm |       |       |    10 |   124 |   249 ||   383
Dodge: Dodged            |   110 |   167 |   267 |   358 |   740 ||  1642
       Rpst.: Falchion   |    36 |    43 |    64 |       |       ||   143
       Long sword        |       |       |    19 |    14 |       ||    33
       Scimitar          |       |       |       |    94 |   193 ||   287
